Map: Automaton LE

Players

Conundrum

  • Race: Zerg Zerg
  • Spawn Location: 3:00

Bob - Winner!

  • Race: Protoss Protoss
  • League: Diamond
  • Spawn Location: 9:00

VOD

Have the link to the VOD?

Description

Time

  • Played on: March 5, 2019, 9:56 p.m.
  • Length: 26:59
Show
View Real Time Build Order
Export as new Build Order

Conundrum Zerg 

Build Orders: Hatch First, Lurkers 

Get SALT Encoding   

  12  0:02  Drone  
  13  0:13  Overlord  
  13  0:18  Drone  
  14  0:32  Drone x2  
  16  0:50  Hatchery  
  16  0:55  Drone  
  16  0:57  Drone  
  17  1:01  Drone  
  18  1:11  Extractor  
  18  1:17  Spawning Pool  
  16  1:20  Drone  
  16  1:23  Drone  
  18  1:31  Drone  
  19  1:43  Drone  
  20  1:55  Drone  
  21  2:04  Queen x2  
  21  2:05  Zergling x4  
  27  2:21  Hatchery  
  26  2:26  Drone  
  26  2:28  Drone  
  28  2:44  Overlord  
  28  2:46  Metabolic Boost, Overlord  
  28  3:07  Overlord  
  28  3:08  Drone x2  
  28  3:09  Drone x3  
  33  3:21  Drone x2  
  35  3:29  Drone x2  
  35  3:34  Drone x5  
  39  3:39  Queen  
  44  3:49  Overlord x2  
  44  3:51  Drone  
  45  3:56  Roach Warren  
  45  3:57  Spore Crawler  
  45  4:00  Spore Crawler  
  42  4:04  Drone  
  42  4:08  Drone  
  43  4:19  Drone x4  
  43  4:20  Drone x4  
  51  4:24  Extractor  
  51  4:25  Extractor  
  49  4:43  Roach x2  
  49  4:44  Roach x6  
  65  4:47  Overlord x2  
  65  4:53  Overlord  
  65  5:03  Overlord  
  65  5:08  Queen  
  65  5:10  Drone x6  
  65  5:11  Drone x2  
  75  5:22  Roach x3  
  75  5:23  Roach x3  
  87  5:36  Queen  
  84  6:04  Spore Crawler  
  84  6:07  Spore Crawler  
  82  6:12  Lair  
  82  6:26  Hatchery  
  82  6:27  Hatchery  
  82  6:28  Evolution Chamber  
  82  6:30  Evolution Chamber  
  78  6:43  Overlord x2  
  78  6:45  Roach  
  78  6:46  Roach x5  
  90  6:56  Zerg Missile Weapons Level 1  
  90  6:57  Zerg Ground Armor Level 1  
  90  7:06  Overlord  
  90  7:37  Hydralisk Den  
  90  7:39  Queen  
  90  7:42  Drone x2  
  90  7:43  Drone x12  
  90  7:44  Queen  
  107  7:54  Overlord  
  107  8:03  Extractor, Drone x3  
  107  8:04  Drone  
  105  8:27  Drone x2  
  105  8:28  Drone, Hydralisk x3  
  105  8:29  Hydralisk x7  
  105  8:30  Hydralisk x2  
  132  8:34  Muscular Augments  
  132  8:42  Spore Crawler  
  132  8:43  Overlord x2  
  132  8:45  Overseer  
  132  8:47  Overseer  
  131  8:54  Overlord x3  
  131  8:58  Extractor, Drone x3  
  131  8:59  Drone x2  
  131  9:00  Extractor  
  134  9:05  Overseer  
  134  9:07  Overseer  
  134  9:33  Zerg Missile Weapons Level 2, Lurker Den  
  134  9:37  Drone  
  134  9:42  Queen  
  136  9:50  Overlord x3  
  136  9:53  Extractor  
  136  9:57  Extractor  
  134  10:11  Hydralisk  
  136  10:17  Spire  
  136  10:18  Drone  
  136  10:19  Drone x4  
  136  10:20  Drone  
  136  10:21  Roach x4  
  143  10:22  Roach x20  
  189  10:38  Overlord x2  
  189  10:39  Roach  
  153  11:02  Glial Reconstitution  
  151  11:04  Grooved Spines  
  151  11:08  Lurker x3  
  154  11:12  Hydralisk x5  
  154  11:13  Hydralisk x3  
  170  11:26  Lurker  
  171  11:33  Pneumatized Carapace  
  171  11:44  Hatchery  
  169  11:48  Hatchery  
  154  12:01  Hydralisk  
  154  12:02  Hydralisk x7  
  154  12:03  Hydralisk x7  
  157  12:38  Hydralisk x2  
  161  12:45  Hydralisk x3  
  161  12:46  Roach x5, Hydralisk  
  161  12:47  Roach x2  
  133  13:37  Corruptor x3  
  133  13:38  Corruptor x3  
  133  13:39  Hydralisk x3  
  133  13:40  Roach x4, Hydralisk x4  
  133  13:41  Roach  
  127  13:56  Hydralisk x2  
  127  13:57  Roach x2  
  129  14:06  Lurker  
  130  14:16  Roach, Hydralisk x3  
  130  14:17  Roach x3, Hydralisk x4  
  140  14:18  Roach x3  
  140  14:23  Drone x2  
  140  14:24  Drone  
  158  14:42  Drone x3  
  158  14:43  Hydralisk  
  158  14:45  Hydralisk x3  
  163  14:48  Lurker x4  
  116  15:35  Hydralisk  
  116  15:36  Roach x2, Hydralisk x5  
  116  15:37  Roach x5, Hydralisk x4  
  116  15:38  Roach x3  
  150  15:58  Zerg Ground Armor Level 2  
  150  15:59  Infestation Pit, Lurker  
  144  16:14  Lurker  
  144  16:15  Lurker x7  
  150  16:49  Hydralisk x6  
  150  16:50  Hydralisk x7  
  150  16:51  Hydralisk  
  176  17:01  Hive  
  168  17:21  Corruptor x2  
  168  17:22  Corruptor  
  174  17:29  Queen  
  176  17:31  Queen  
  176  17:35  Extractor  
  177  17:40  Extractor  
  144  18:06  Hydralisk x3  
  144  18:07  Roach x4, Hydralisk x5  
  144  18:08  Roach x4, Hydralisk x2  
  144  18:09  Roach, Hydralisk  
  144  18:10  Roach  
  186  18:17  Lurker x2  
  188  18:37  Overlord x3  
  137  19:33  Corruptor x5  
  137  19:34  Corruptor  
  137  19:36  Hydralisk x2  
  138  19:45  Hydralisk x4  
  132  19:46  Hydralisk x5  
  148  19:57  Extractor  
  148  19:58  Extractor  
  148  19:59  Hydralisk x3  
  148  20:01  Roach x3  
  148  20:04  Greater Spire  
  148  20:05  Zerg Missile Weapons Level 3  
  148  20:06  Zerg Ground Armor Level 3  
  155  20:12  Roach x4  
  163  20:16  Roach x6  
  163  20:17  Roach x2  
  159  20:52  Pathogen Glands  
  159  20:53  Drone  
  154  21:19  Corruptor x6  
  154  21:20  Corruptor x2  
  154  21:21  Overseer  
  170  21:27  Hatchery  
  169  21:33  Roach  
  171  21:42  Overseer  
  171  21:52  Brood Lord x2  
  171  21:53  Brood Lord  
  173  22:16  Brood Lord  
  173  22:17  Brood Lord  
  177  22:29  Brood Lord  
  179  22:36  Zerg Flyer Weapons Level 1  
  177  22:48  Drone x3  
  177  23:03  Brood Lord  
  177  23:04  Brood Lord  
  177  23:05  Corruptor x4  
  189  23:20  Queen  
  189  23:24  Brood Lord  
  189  23:25  Brood Lord  
  195  23:39  Corruptor x2  
  199  23:49  Drone  
  194  24:25  Extractor  
  194  24:27  Extractor  
  166  24:38  Hydralisk  
  166  24:39  Hydralisk x2  
  166  24:41  Infestor x4  
  166  24:42  Infestor x2  
  148  25:02  Corruptor x4  
  154  25:09  Hydralisk  
  120  25:23  Drone x2  
  120  25:24  Drone x3  
  77  25:57  Roach  
  77  25:58  Roach x19  
  116  26:20  Hatchery  
Show
View Real Time Build Order
Export as new Build Order

Bob Protoss - Winner!

Build Orders: 1 Gate Expand, Archon Immortal, Dark Templar Rush 

Get SALT Encoding   

  12  0:00  Probe  
  13  0:13  Probe  
  14  0:21  Pylon  
  14  0:25  Probe  
  15  0:38  Probe  
  15  0:40  Gateway  
  16  0:46  Probe  
  16  0:51  Assimilator  
  16  0:54  Probe  
  18  1:05  Probe  
  19  1:17  Probe  
  20  1:28  Nexus  
  20  1:38  Cybernetics Core  
  20  1:49  Assimilator  
  20  1:52  Pylon  
  20  1:54  Probe  
  21  2:06  Probe  
  22  2:18  Probe  
  23  2:27  Stalker  
  23  2:30  Probe  
  23  2:31  Twilight Council  
  26  2:37  Warp Gate  
  26  2:40  Probe  
  26  2:43  Probe  
  28  2:48  Probe  
  28  2:55  Adept, Probe  
  28  2:56  Probe  
  32  3:05  Gateway  
  33  3:07  Probe  
  33  3:09  Probe  
  35  3:15  Dark Shrine  
  35  3:19  Probe  
  36  3:21  Probe  
  37  3:27  Assimilator  
  37  3:31  Pylon  
  37  3:37  Robotics Facility  
  37  3:45  Pylon  
  37  3:48  Probe  
  37  3:49  Probe  
  39  4:01  Probe  
  40  4:03  Gateway  
  40  4:05  Gateway  
  40  4:13  Pylon, Probe x2  
  40  4:15  Warp Prism  
  42  4:18  Pylon  
  42  4:21  Shield Battery  
  42  4:31  Assimilator  
  44  4:35  Probe x2  
  46  4:42  Charge  
  46  4:43  Probe  
  48  5:00  Observer  
  48  5:06  Dark Templar x3  
  48  5:07  Dark Templar  
  56  5:22  Robotics Facility  
  56  5:24  Forge  
  56  5:25  Forge  
  56  5:33  Probe x2  
  58  5:45  Probe x2  
  60  5:53  Immortal  
  64  6:04  Protoss Ground Weapons Level 1  
  64  6:22  Zealot  
  64  6:23  Zealot x3  
  64  6:25  Protoss Shields Level 1  
  72  6:27  Immortal  
  72  6:31  Archon  
  76  6:33  Archon  
  76  6:43  Zealot  
  78  6:55  Nexus  
  78  6:57  Pylon  
  78  6:58  Pylon  
  78  7:02  Assimilator  
  78  7:05  Assimilator  
  78  7:15  Probe x2, Immortal  
  84  7:16  Immortal  
  88  7:27  Probe x2  
  90  7:39  Probe x2  
  90  7:42  Protoss Ground Weapons Level 2, Gateway  
  90  7:44  Gateway  
  92  7:45  Gateway  
  92  7:46  Robotics Bay  
  92  7:49  Templar Archives  
  92  7:50  Pylon x2  
  92  7:51  Probe x2  
  94  8:01  Immortal  
  94  8:06  Probe, Immortal  
  103  8:14  Protoss Shields Level 2  
  103  8:38  High Templar  
  103  8:39  High Templar x2  
  109  8:42  Zealot x4  
  109  8:45  Immortal  
  121  8:48  Archon  
  121  9:04  Gateway x2  
  121  9:06  Gateway  
  121  9:08  Gateway  
  121  9:12  Photon Cannon  
  121  9:14  Photon Cannon x2  
  121  9:17  Shield Battery  
  121  9:20  Extended Thermal Lance  
  121  9:24  Psionic Storm  
  121  9:39  Probe  
  121  9:43  Probe x2  
  124  9:47  Probe  
  125  9:57  Probe  
  125  10:05  Protoss Ground Weapons Level 3  
  125  10:10  Pylon  
  125  10:11  Pylon  
  125  10:13  Pylon x2  
  125  10:15  Pylon  
  125  10:16  Pylon  
  125  10:28  Colossus, Probe x2  
  131  10:31  Zealot x4  
  131  10:32  Zealot x3  
  136  10:50  Protoss Shields Level 3  
  136  10:52  Zealot x5  
  136  10:53  Zealot x2  
  142  11:09  Colossus  
  148  11:14  Probe  
  149  11:29  Nexus  
  149  11:32  Pylon  
  149  11:33  High Templar x4  
  149  11:35  High Templar, Pylon  
  149  11:37  High Templar  
  161  11:45  Archon x2  
  161  11:58  Observer  
  161  12:01  Observer  
  163  12:13  Photon Cannon  
  163  12:22  Photon Cannon  
  136  12:42  Observer x2  
  136  12:43  Zealot  
  136  12:44  Zealot x5  
  148  13:00  Protoss Ground Armor Level 1, Pylon  
  148  13:01  Pylon  
  148  13:03  Assimilator  
  148  13:04  Pylon x3  
  148  13:05  Nexus  
  148  13:06  Assimilator, Pylon  
  148  13:09  Pylon  
  148  13:12  Stargate  
  148  13:15  Stargate  
  148  13:17  Stargate  
  148  13:22  Observer  
  148  13:25  Zealot  
  148  13:26  Zealot x6  
  145  13:41  Stalker x2  
  145  13:42  Stalker  
  141  13:53  Zealot x3  
  147  14:02  Observer  
  144  14:10  Observer  
  139  14:25  Zealot x5  
  150  14:31  Observer  
  150  14:49  Nexus  
  151  14:53  Pylon  
  150  15:04  Stalker  
  150  15:05  Stalker  
  152  15:17  Zealot x3  
  147  15:37  Probe  
  147  15:38  Protoss Ground Armor Level 2, Probe x2  
  148  15:49  Probe  
  149  15:50  Probe  
  149  15:55  Zealot  
  149  15:56  Zealot x3  
  158  16:21  Pylon x2  
  158  16:25  Pylon  
  158  16:27  Photon Cannon  
  158  16:29  Photon Cannon  
  158  16:32  Photon Cannon  
  158  16:36  Photon Cannon  
  158  16:37  Sentry x2  
  158  16:38  Sentry x3  
  168  16:50  Photon Cannon  
  168  17:00  Probe x2  
  170  17:06  Nexus  
  170  17:12  Probe x2  
  170  17:22  Nexus  
  170  17:28  Fleet Beacon  
  170  17:31  Protoss Air Weapons Level 1  
  170  17:41  Void Ray  
  170  17:42  Void Ray  
  178  17:51  Probe  
  178  17:52  Probe  
  176  18:03  Probe  
  176  18:04  Probe  
  166  18:10  Void Ray  
  166  18:12  Protoss Ground Armor Level 3  
  170  18:41  Carrier x2  
  182  18:45  Probe  
  183  18:53  High Templar  
  183  18:54  High Templar x7  
  173  19:25  Archon x3  
  173  19:28  Zealot x3  
  173  19:29  Zealot x7  
  167  19:43  Carrier  
  173  19:48  Probe x4  
  177  19:54  Observer x2  
  177  19:56  Carrier  
  185  20:00  Probe x3  
  188  20:21  Nexus  
  188  20:30  Gateway  
  188  20:34  Photon Cannon  
  186  20:35  Photon Cannon  
  186  20:38  Shield Battery  
  186  20:40  Carrier  
  184  20:43  Assimilator  
  176  21:00  Stalker  
  178  21:09  Photon Cannon  
  178  21:10  Photon Cannon x2  
  174  21:35  Assimilator  
  174  21:37  Probe x4  
  174  21:39  Assimilator  
  178  21:49  Probe x3  
  181  22:02  Blink  
  181  22:21  Pylon  
  181  22:23  Zealot  
  181  22:24  Zealot x8  
  199  22:35  Protoss Air Weapons Level 2  
  193  22:56  Zealot x5  
  191  23:24  Zealot  
  191  23:25  Zealot x3, Nexus  
  197  23:29  Pylon  
  197  23:32  Pylon x2  
  197  23:33  Assimilator  
  191  23:37  Assimilator  
  179  23:42  Photon Cannon  
  179  23:43  Photon Cannon  
  179  23:45  Photon Cannon  
  179  23:47  Photon Cannon  
  177  23:48  Shield Battery  
  177  23:49  Photon Cannon  
  177  23:52  Pylon, Shield Battery  
  177  23:54  Pylon  
  177  23:55  Photon Cannon  
  173  23:57  Photon Cannon  
  173  24:01  Pylon  
  173  24:05  Pylon  
  173  24:08  Photon Cannon  
  173  24:10  Photon Cannon  
  173  24:12  Pylon  
  173  24:13  Photon Cannon  
  173  24:15  Zealot, Photon Cannon  
  173  24:16  Zealot x3  
  173  24:17  Zealot x4  
  181  24:18  Shield Battery  
  180  24:35  Zealot  
  180  24:36  Zealot  
  178  24:42  Carrier  
  182  24:52  Protoss Air Armor Level 1  
  157  25:03  Carrier  
  163  25:08  Probe x4  
  165  25:20  Probe x2  
  167  25:30  Void Ray  
  141  25:56  Void Ray  
  139  26:07  Void Ray  
  143  26:12  Void Ray  
  147  26:29  Zealot x2  
  147  26:30  Zealot x4  
Tags
 
Add a new tag
Caveats
  • Supply blocks, unpowered buildings, or Contaminate may cause inaccurate times.
  • Supply counts are checked every 10 seconds.